 Dungeon Crawl Stone Soup version 0.30-a0-779-g7971cf19c3 (webtiles) character file.

Game seed: 10882336899003660510

1159 dialectric the Trooper (level 8, -6/73 HPs)
             Began as a Demonspawn Fighter on Feb 17, 2023.
             Was a Priest of Kikubaaqudgha.
             Mangled by an iguana (7 damage)
             ... on level 5 of the Dungeon.
             The game lasted 00:10:00 (5278 turns).

dialectric the Trooper (Demonspawn Fighter)         Turns: 5278, Time: 00:10:00

Health: -6/73      AC: 13    Str: 23    XL:     8   Next: 16%
Magic:  8/8        EV: 11    Int:  8    God:    Kikubaaqudgha [***...]
Gold:   353        SH:  0    Dex: 12    Spells: 6/7 levels left

rFire   . . .      SeeInvis .    a - +1 long sword
rCold   . . .      Faith    .    (no shield)
rNeg    . . .      Spirit   .    b - +0 scale mail
rPois   .          Reflect  .    j - +0 helmet
rElec   .          Harm     .    d - +0 cloak
rCorr   .          Rampage  .    (no gloves)
Will    .....      Clarity  +    f - +2 pair of boots Stlth
                                 (no amulet)
HPRegen 0.32/turn                (no ring)
MPRegen 0.11/turn                (no ring)

@: about to teleport
A: rugged brown scales 1, foul stench 1, talons 1, clarity, robust 1, strong 1
a: Renounce Religion, Unearth Wretches


You were on level 5 of the Dungeon.
You worshipped Kikubaaqudgha.
Kikubaaqudgha was most pleased with you.
You visited 1 branch of the dungeon, and saw 5 of its levels.

You collected 353 gold pieces.

Inventory:

Hand Weapons
 a - a +1 long sword (weapon)
Armour
 b - a +0 scale mail (worn)
 c - a +0 buckler
 d - a +0 cloak (worn)
 f - a +2 pair of boots (worn)
 j - a +0 helmet (worn)
 l - a scarf of shadows
Scrolls
 e - 2 scrolls of teleportation
 h - 5 scrolls of identify
 k - a scroll of silence {unknown}
 p - a scroll of vulnerability {unknown}
 r - a scroll of butterflies {unknown}
 t - a scroll of immolation {unknown}
Potions
 i - a potion of heal wounds {unknown}
 n - 3 potions of lignification
 o - a potion of resistance
 q - a potion of cancellation {unknown}
 u - a potion of attraction {unknown}


   Skills:
 * Level 6.5 Fighting
 + Level 5.0 Long Blades
 + Level 1.7 Throwing
 + Level 3.2 Armour
 - Level 4.1 Dodging
 - Level 0.5 Stealth
 - Level 2.6 Shields


You had 6 spell levels left.
You knew the following spells:

 Your Spells              Type           Power      Damage    Failure   Level
a - Necrotise             Necr           0%         1d4       71%         1

Your spell library contained the following spells:

 Spells                   Type           Power      Damage    Failure   Level
 Kiss of Death            Conj/Necr      0%         2d5       71%         1
 Sandblast                Erth           0%         2d4       71%         1
 Ensorcelled Hibernation  Hex/Ice        0%         N/A       85%         2
 Passwall                 Tmut/Erth      0%         N/A       85%         2
 Sublimation of Blood     Necr           0%         N/A       85%         2
 Wereblood                Tmut           0%         N/A       85%         2
 Ignite Poison            Fire/Tmut/Pois 0%         N/A       97%         3
 Spider Form              Tmut/Pois      0%         N/A       97%         3
 Stone Arrow              Conj/Erth      0%         3d7       97%         3
 Vampiric Draining        Necr           0%         2d6       97%         3
 Anguish                  Hex/Necr       0%         N/A       100%        4
 Animate Dead             Necr           0%         N/A       100%        4
 Dispel Undead            Necr           0%         3d6       100%        4
 Sticky Flame             Conj/Fire      0%         2d3       100%        4
 Agony                    Necr           0%         N/A       100%        5
 Death Channel            Necr           0%         N/A       100%        6
 Simulacrum               Ice/Necr       0%         N/A       100%        6
 Summon Hydra             Summ           0%         N/A       100%        7
 Ignition                 Fire           0%         3d3       100%        8


Dungeon Overview and Level Annotations

Branches:
Dungeon (5/15)
 Temple: D:4-7

Altars:
Fedhas
Kikubaaqudgha
Trog

Annotations:
D:5 Duvessa


Innate Abilities, Weirdness & Mutations

You are partially covered in rugged brown scales. (AC +1, +3% HP)
You may rarely emit foul miasma when damaged in melee.
You have sharp toenails.
You possess an exceptional clarity of mind.
You are robust. (+10% HP)
Your muscles are strong. (Str +4, Int/Dex -1)


Message History

The iguana closely misses you.
You hit the iguana.
The iguana is moderately wounded.
The iguana bites you but does no damage.
You barely miss the iguana.
The iguana is moderately wounded.
Duvessa hits you but does no damage. The iguana bites you.
Duvessa barely misses you.
You closely miss the iguana.
The iguana is moderately wounded.
Duvessa misses you.
The iguana bites you but does no damage.
Duvessa misses you.
You barely miss the iguana.
The iguana is moderately wounded.
The iguana bites you. Duvessa hits you with a +0 rapier!
The iguana bites you but does no damage.
Duvessa hits you with a +0 rapier.
Unknown command.
Duvessa hits you with a +0 rapier! The iguana misses you.
The iguana barely misses you. Duvessa hits you with a +0 rapier!
Duvessa attacks as you move away! Duvessa completely misses you.
Duvessa rages.
The iguana bites you.
You feel better. Duvessa hits you with a +0 rapier!
The iguana barely misses you. Duvessa hits you but does no damage.
It was a potion of magic.
Magic courses through your body. Duvessa hits you with a +0 rapier!
* * * LOW HITPOINT WARNING * * *
The iguana bites you but does no damage.
Unknown command.
As you read the scroll of teleportation, it crumbles to dust.
You feel strangely unstable. Duvessa hits you with a +0 rapier!
* * * LOW HITPOINT WARNING * * *
The iguana bites you but does no damage.
Duvessa hits you but does no damage.
Unknown command.
The iguana attacks as you move away! The iguana bites you!
You die...
Kikubaaqudgha rasps: "You have failed me!
Welcome... death!"

.. ######)##....## #.+
#.###..........#..###'#
#..............##..[...
##..............####...)
......?.......#.. +....
#.......#.###### #....
#.......#.#....###....
#....el##.#.##........
#....@.##.#.#.........
#......##.#.#.........
#......##.#.#.........
#.....#########.#.##........
#.....# #.#...........
#.....# #.####..######
#.....#########...##...#
#............####.###..#
#............# #......#


You could see Duvessa (berserk) and an iguana.

Vanquished Creatures
  Sigmund (D:5)
  Edmund (D:5)
  2 ogres
  Dowan (D:5)
  3 quasits (D:4)
  An orc priest (D:3)
  A gnoll bouda (D:4)
  2 iguanas
  3 orc wizards
  10 adders
  13 gnolls
  2 shadow imps (D:4)
  4 white imps (D:4)
  3 ufetubi (D:4)
  2 worms
  3 dart slugs
  7 orcs
  7 ball pythons
  8 endoplasms
  6 giant cockroaches
  7 goblins
  9 hobgoblins
  4 jackals (D:1)
  5 kobolds
  3 quokkas
  5 bats
  4 frilled lizards
  4 rats
121 creatures vanquished.

Vanquished Creatures (others)
  7 demonic plants (D:4)
7 creatures vanquished.

Grand Total: 128 creatures vanquished

Notes
Turn   | Place    | Note
-------+----------+-------------------------------------------
     0 | D:1      | dialectric the Demonspawn Fighter began the quest for the
                  | Orb.
     0 | D:1      | Reached XP level 1. HP: 18/18 MP: 1/1
    31 | D:1      | Found a faded altar of an unknown god.
    50 | D:1      | Prayed at the altar of an unknown god.
    50 | D:1      | Became a worshipper of Kikubaaqudgha
    50 | D:1      | Reached * piety under Kikubaaqudgha
    50 | D:1      | Received a gift from Kikubaaqudgha
   190 | D:1      | Gained mutation: You may rarely emit foul miasma when
                  | damaged in melee. [demonic ancestry]
   190 | D:1      | Reached XP level 2. HP: 24/24 MP: 2/2
   661 | D:1      | Reached XP level 3. HP: 29/29 MP: 3/3
   914 | D:1      | Reached ** piety under Kikubaaqudgha
  1590 | D:2      | Reached XP level 4. HP: 24/35 MP: 4/4
  1903 | D:3      | Found a bloodstained altar of Trog.
  2393 | D:3      | Gained mutation: You are dopey. (Int -2) [potion of
                  | mutation]
  2393 | D:3      | Gained mutation: Your body sometimes deteriorates upon
                  | taking damage. [potion of mutation]
  2394 | D:3      | Lost mutation: Your body sometimes deteriorates upon taking
                  | damage. [potion of mutation]
  2394 | D:3      | Lost mutation: You are dopey. (Int -2) [potion of mutation]
  2394 | D:3      | Gained mutation: You possess an exceptional clarity of
                  | mind. [potion of mutation]
  2394 | D:3      | Gained mutation: Your muscles are strong. (Str +4, Int/Dex
                  | -1) [potion of mutation]
  2394 | D:3      | Gained mutation: You have sharp toenails. [potion of
                  | mutation]
  2394 | D:3      | Gained mutation: You are robust. (+10% HP) [potion of
                  | mutation]
  2495 | D:3      | Gained mutation: You are partially covered in rugged brown
                  | scales. (AC +1, +3% HP) [demonic ancestry]
  2495 | D:3      | Reached XP level 5. HP: 38/46 MP: 5/5
  2897 | D:4      | Reached XP level 6. HP: 31/54 MP: 6/6
  2898 | D:4      | Reached skill level 5 in Long Blades
  3123 | D:4      | Reached skill level 4 in Fighting
  3259 | D:4      | Reached skill level 1 in Dodging
  3266 | D:4      | Reached *** piety under Kikubaaqudgha
  3266 | D:4      | Received a gift from Kikubaaqudgha
  3267 | D:4      | Reached skill level 1 in Throwing
  3447 | D:5      | Entered Level 5 of the Dungeon
  3511 | D:5      | Noticed Sigmund
  3922 | D:4      | Reached XP level 7. HP: 14/62 MP: 7/7
  4198 | D:4      | Found a blossoming altar of Fedhas.
  4250 | D:4      | Reached skill level 5 in Fighting
  4402 | D:3      | Learned a level 1 spell: Necrotise
  4992 | D:5      | Noticed Edmund
  5007 | D:5      | Killed Edmund
  5008 | D:5      | Reached skill level 6 in Fighting
  5071 | D:5      | Noticed Dowan
  5072 | D:5      | Noticed Duvessa
  5085 | D:5      | Killed Dowan
  5093 | D:5      | Killed Sigmund
  5094 | D:5      | Reached XP level 8. HP: 48/73 MP: 8/8
  5277 | D:5      | HP: 1/73 [Duvessa/+0 rapier (13)]
  5278 | D:5      | Mangled by an iguana

Illustrated notes

Levels and vault maps discovered:
D:1:      minmay_arrival_diagonal_passages, layout_basic,
          basic_ecumenical_altar, dk_noncrumbling_3
D:2:      layout_basic
D:3:      layout_loops_cross, trog_three_pillars_becter
D:4:      layout_loops_ring, fedhas_altar_decomposition, serial_demonic,
          serial_demonic_d, serial_demonic_f, serial_demonic_f, serial_demonic_e
D:5:      layout_basic, uniq_sigmund, uniq_edmund, uniq_duvessa

Skill      XL: |  1  2  3  4  5  6  7 |
---------------+----------------------+-----
Armour         | 3 |  3.2
Long Blades    | 2 3 4 5 |  5.0
Fighting       | 4 6 |  6.5
Dodging        | 2 4 |  4.1
Throwing       | 1 |  1.7
Stealth        | |  0.5
Shields        | |  2.6

Action                     |  1- 3 |  4- 6 |  7- 9 || total
---------------------------+-------+-------+-------++-------
  Melee: Long sword        |   170 |   266 |   127 ||   563
         Punch             |       |     1 |     3 ||     4
  Throw: Dart              |       |    19 |     8 ||    27
    Use: Potion            |       |     3 |     5 ||     8
         Scroll            |       |     3 |     3 ||     6
 Armour: Scale mail        |   120 |   232 |    62 ||   414
         Skin              |       |       |     8 ||     8
  Dodge: Dodged            |    97 |   256 |    72 ||   425

Table legend: (Time is in decaauts)
 A = Elapsed time spent in this place.
 B = Non-inter-level travel time spent in this place.
 C = Inter-level travel time spent in this place.
 D = Time resting spent in this place.
 E = Time spent auto-exploring this place.
 F = Levels seen in this place.
 G = Mean time per level.
                   A        B        C        D        E       F      G
               +--------+--------+--------+--------+--------+-----+--------+
         Total |   5382 |   5238 |    144 |    623 |   3112 |   5 | 1076.4 |
       Dungeon |   5382 |   5238 |    144 |    623 |   3112 |   5 | 1076.4 |
               +--------+--------+--------+--------+--------+-----+--------+

Top non-repeatable levels by time:
     D:4: 1594 daAuts
     D:1: 1037 daAuts
     D:3: 937 daAuts
     D:2: 915 daAuts
     D:5: 897 daAuts
